 Dungeon Crawl Stone Soup version 0.26-a0-8-gc4d20be (webtiles) character file.

Game seed: 15938111135534363649, levelgen mode: deterministic

7 thirtiethelement the Skirmisher (level 1, -2/18 HPs)
             Began as a Demonspawn Abyssal Knight on May 24, 2020.
             Was a Follower of Lugonu.
             Slain by a leopard gecko (4 damage)
             ... on level 1 of the Dungeon.
             The game lasted 00:02:04 (362 turns).

thirtiethelement the Skirmisher (DsAK)               Turns: 362, Time: 00:02:04

Health: -2/18      AC:  4    Str: 12    XL:     1   Next: 91%
Magic:  2/2        EV: 11    Int: 13    God:    Lugonu [*.....]
Gold:   28         SH:  0    Dex: 12    Spells: 0/0 levels left

rFire    . . .     SeeInvis .   a - +1 falchion
rCold    . . .     Gourm    .   (no shield)
rNeg     . . .     Faith    .   b - +1 leather armour
rPois    .         Spirit   .   (no helmet)
rElec    .         Reflect  .   (no cloak)
rCorr    .         Harm     .   (no gloves)
MR       .....                  (no boots)
Stlth    +.........             (no amulet)
HPRegen  0.06/turn              (no ring)
MPRegen  0.08/turn              (no ring)

@: no status effects
A: no striking features
a: Depart the Abyss, Renounce Religion


You were on level 1 of the Dungeon.
You worshipped Lugonu.
Lugonu was aware of your devotion.
You were not hungry.

You visited 1 branch of the dungeon, and saw 1 of its levels.
You visited the Abyss 1 time.

You collected 28 gold pieces.

Inventory:

Hand Weapons
 a - a +1 falchion (weapon)
Missiles
 d - 20 poisoned darts (quivered)
Armour
 b - a +1 leather armour (worn)
Potions
 f - a potion of haste
Comestibles
 c - 2 rations


   Skills:
 + Level 3.2 Fighting
 + Level 1.9 Long Blades
 + Level 2.0 Armour
 + Level 0.8 Dodging
 + Level 2.5 Invocations


You couldn't memorise any spells.
You didn't know any spells.
Your spell library was empty.

Dungeon Overview and Level Annotations

Branches:
Dungeon (1/15)

Altars:


Message History

The leopard gecko is heavily wounded.
A leopard gecko comes into view.
The leopard gecko bites you but does no damage.
You closely miss the leopard gecko.
The leopard gecko is heavily wounded.
The leopard gecko hisses angrily.
The leopard gecko bites you. The leopard gecko misses you.
You closely miss the leopard gecko.
The leopard gecko is heavily wounded.
The leopard gecko bites you but does no damage.
You closely miss the leopard gecko.
The leopard gecko is heavily wounded.
The leopard gecko bites you.
* * * LOW HITPOINT WARNING * * *
The leopard gecko bites you but does no damage.
You see here a jackal corpse.
You see here a jackal corpse.
The leopard gecko closely misses you. The leopard gecko bites you.
You die...

#......(.#.........≈.
#........#...⌠.......
#.......((......≈....
#.......)#...⌠.......
#........#.........≈.
#........##...⌠......
####.#.†.........⌠...
#......##.........
#@......####......
#ls........#######
#...............#
#...............#
#g..............#
#..............##
#g#.....#.....##
#.#####.####### #.#
#.#


You could see a leopard gecko, a giant cockroach and 2 goblins.

Vanquished Creatures
  3 jackals (D:1)
  A bat (D:1)
  2 kobolds (D:1)
  2 rats (D:1)
8 creatures vanquished.

Notes
Turn   | Place    | Note
-------+----------+-------------------------------------------
     0 | Abyss:1  | thirtiethelement the Demonspawn Abyssal Knight began the
                  | quest for the Orb.
     0 | Abyss:1  | Reached XP level 1. HP: 18/18 MP: 2/2
    11 | Abyss:1  | Found a corrupted altar of Lugonu.
    28 | Abyss:2  | Found a corrupted altar of Lugonu.
    53 | Abyss:2  | Noticed a large abomination
    78 | Abyss:3  | Found a corrupted altar of Lugonu.
    95 | Abyss:4  | Noticed a spatial vortex
    96 | Abyss:4  | Noticed a freezing wraith
    98 | Abyss:4  | Noticed a spatial vortex
   134 | Abyss:4  | Noticed a rakshasa
   141 | Abyss:4  | Noticed a blink frog
   141 | Abyss:4  | Noticed a blink frog
   142 | Abyss:4  | Noticed a blink frog
   142 | Abyss:4  | Noticed a blink frog
   144 | D:1      | Escaped the Abyss
   192 | D:1      | Reached * piety under Lugonu
   362 | D:1      | Slain by a leopard gecko

Illustrated notes

Levels and vault maps discovered:
D:1:      dpeg_arrival_stone_temple_mockup, layout_rooms,
          chequers_serial_rivers_micro_e

Skill      XL: |  1 |
---------------+----+-----
Armour         | 2 |  2.0
Fighting       | |  3.2
Long Blades    | |  1.9
Dodging        | |  0.8
Invocations    | |  2.5

Action                   || total
-------------------------++-------
Melee: Falchion          ||    19
Invok: Depart the Abyss  ||     1
  Use: Scroll            ||     4
Armor: Leather armour    ||    12
Dodge: Dodged            ||    17
       Rpst.: Falchion   ||     5

Table legend:
 A = Non-vault XP
 B = Vault XP
 C = Vault XP percentage of total XP
 D = Non-vault monster count
 E = Vault monster count
 F = Vault count percentage of total count
                 A         B        C        D         E       F
            +---------+---------+-------+---------+---------+-------
      Total |      11 |       0 |   0.0 |       8 |       0 |   0.0
            +---------+---------+-------+---------+---------+-------
        D:1 |      11 |       0 |   0.0 |       8 |       0 |   0.0
            +---------+---------+-------+---------+---------+-------
